General information
- name: BNet
- type: Ladder team game (AT/RT)
- host: Battle.net
- saver: Ashurbalizanir
map: MarketSquare
- players: 8
- length: 32:22
- speed: Fast
- version: 1.26 W3XP
- replay type: Public
» download(228 KB)
Players
team 1 (loser)
Fan-of-Knives (
pink | 76 APM | 2461 actions | 32:21)
4 Blademaster
2 Wind Walk
2 Critical Strike
4 Shadow Hunter
2 Healing Wave
2 Hex
» actions
| Assign group hotkey | 121 | |
| Basic commands | 27 | |
| Build / train | 113 | |
| Enter build submenu | 29 | |
| Enter hero's abilities submenu | 8 | |
| Give item / drop item | 1 | |
| Remove unit from queue | 10 | |
| Right click | 873 | |
| Select / deselect | 562 | |
| Select group hotkey | 566 | |
| Use ability | 151 | |
2461 total
» units
| Peon | 12 | |
| Grunt | 9 | |
| Shaman | 10 | |
| Tauren | 7 | |
| Troll Headhunter/Berserker | 16 | |
| Troll Batrider | 4 | |
| Wind Rider | 1 | |
59 total
» upgrades
| Melee Weapons | 1 | |
| Armor | 1 | |
| Spiked Barricades | 1 | |
| Shaman Training | 2 | |
| Pulverize | 1 | |
| Reinforced Defenses | 1 | |
| Berserker Upgrade | 1 | |
| Troll Regeneration | 0 | |
| Ranged Weapons | 1 | |
| Envenomed Spears | 1 | |
10 total
» buildings
| Altar of Storms | 2 | |
| Orc Burrow | 7 | |
| Barracks | 1 | |
| War Mill | 1 | |
| Voodoo Lounge | 2 | |
| Stronghold | 1 | |
| Watch Tower | 9 | |
| Spirit Lodge | 1 | |
| Fortress | 3 | |
| Great Hall | 2 | |
| Tauren Totem | 2 | |
| Beastiary | 2 | |
33 total
» build order
00:11 Altar of Storms
00:13 Orc Burrow
00:51 Barracks
01:34 Orc Burrow
02:06 War Mill
02:20 Voodoo Lounge
03:22 Orc Burrow
04:11 Stronghold
04:16 Watch Tower
05:14 Watch Tower
06:17 Orc Burrow
06:20 Watch Tower
06:53 Spirit Lodge
08:11 Fortress
08:30 Great Hall
09:55 Orc Burrow
09:58 Watch Tower
10:10 Watch Tower
10:37 Tauren Totem
10:38 Tauren Totem
13:30 Orc Burrow
15:14 Orc Burrow
17:24 Great Hall
22:16 Altar of Storms
23:14 Beastiary
23:33 Watch Tower
27:49 Beastiary
28:41 Watch Tower
29:22 Voodoo Lounge
29:38 Watch Tower
29:43 Watch Tower
» items
| Healing Salve | 3 | |
| Lesser Clarity Potion | 2 | |
| Boots of Speed | 1 | |
| Orb of Lightning | 1 | |
| Potion of Mana | 1 | |
| Dust of Appearance | 2 | |
| Scroll of Town Portal | 3 | |
13 total
ShamanSemen (
purple | 44 APM | 1106 actions | 24:51)
5 Warden
3 Shadow Strike
2 Blink
» actions
| Assign group hotkey | 17 | |
| Basic commands | 43 | |
| Build / train | 45 | |
| Enter build submenu | 13 | |
| Enter hero's abilities submenu | 5 | |
| Give item / drop item | 1 | |
| Right click | 461 | |
| Select / deselect | 124 | |
| Select group hotkey | 342 | |
| Use ability | 55 | |
1106 total
» units
| Wisp | 10 | |
| Archer | 4 | |
| Chimaera | 4 | |
| Druid of the Talon | 3 | |
| Hippogryph | 2 | |
23 total
» upgrades
| Corrosive Breath | 1 | |
| Druid of the Talon Training | 1 | |
| Improved Bows | 1 | |
3 total
» buildings
| Moon Well | 6 | |
| Altar of Elders | 1 | |
| Ancient of War | 1 | |
| Tree of Ages | 1 | |
| Tree of Eternity | 1 | |
| Ancient of Wind | 1 | |
| Chimaera Roost | 3 | |
| Ancient of Wonders | 1 | |
15 total
» build order
00:22 Moon Well
00:39 Altar of Elders
00:49 Moon Well
01:41 Ancient of War
01:56 Moon Well
02:37 Tree of Ages
04:59 Tree of Eternity
05:02 Ancient of Wind
05:22 Moon Well
06:05 Moon Well
07:23 Chimaera Roost
07:24 Chimaera Roost
07:26 Chimaera Roost
07:54 Moon Well
08:36 Ancient of Wonders
» items
| Potion of Invisibility | 2 | |
| Circlet of Nobility | 1 | |
| Dust of Appearance | 1 | |
| Staff of Teleportation | 1 | |
| Orb of Venom | 1 | |
| Scroll of Town Portal | 3 | |
| Scroll of Regeneration | 1 | |
| Boots of Speed | 1 | |
11 total

»
Litle (
blue | 57 APM | 1395 actions | 24:28)
4 Keeper of the Grove
2 Entangling Roots
2 Thorns Aura
» actions
| Assign group hotkey | 59 | |
| Build / train | 84 | |
| Enter build submenu | 35 | |
| Enter hero's abilities submenu | 4 | |
| Remove unit from queue | 6 | |
| Right click | 541 | |
| Select / deselect | 375 | |
| Select group hotkey | 229 | |
| Use ability | 62 | |
1395 total
» units
| Wisp | 25 | |
| Huntress | 19 | |
| Dryad | 17 | |
| Hippogryph | 3 | |
64 total
» upgrades
| Ultravision | 1 | |
| Strength of the Wild | 2 | |
| Abolish Magic | 1 | |
| Reinforced Hides | 2 | |
| Upgrade Moon Glaive | 1 | |
| Strength of the Moon | 2 | |
9 total
» buildings
| Moon Well | 14 | |
| Altar of Elders | 1 | |
| Ancient of War | 1 | |
| Hunter's Hall | 1 | |
| Tree of Ages | 1 | |
| Ancient of Lore | 2 | |
| Tree of Life | 1 | |
| Ancient Protector | 9 | |
| Tree of Eternity | 1 | |
| Ancient of Wind | 1 | |
32 total
» build order
00:52 Moon Well
01:04 Altar of Elders
01:32 Ancient of War
01:51 Moon Well
02:23 Hunter's Hall
02:50 Moon Well
03:41 Moon Well
04:36 Moon Well
04:57 Tree of Ages
05:03 Moon Well
07:23 Ancient of Lore
08:27 Ancient of Lore
08:33 Tree of Life
09:39 Moon Well
10:38 Moon Well
12:30 Ancient Protector
13:13 Ancient Protector
13:16 Ancient Protector
13:43 Ancient Protector
13:54 Moon Well
14:21 Ancient Protector
14:57 Moon Well
15:01 Moon Well
15:36 Ancient Protector
15:45 Ancient Protector
16:52 Tree of Eternity
17:10 Ancient Protector
17:16 Moon Well
18:13 Moon Well
20:21 Moon Well
21:32 Ancient of Wind
21:50 Ancient Protector
Aesa (
yellow | 35 APM | 1133 actions | 32:17)
5 Mountain King
3 Storm Bolt
2 Bash
» actions
| Assign group hotkey | 15 | |
| Basic commands | 22 | |
| Build / train | 115 | |
| Enter build submenu | 45 | |
| Enter hero's abilities submenu | 5 | |
| Right click | 281 | |
| Select / deselect | 376 | |
| Select group hotkey | 186 | |
| Use ability | 88 | |
1133 total
» units
| Peasant | 21 | |
| Footman | 5 | |
| Rifleman | 6 | |
| Mortar Team | 2 | |
| Gryphon Rider | 10 | |
| Flying Machine | 21 | |
| Dragonhawk Rider | 3 | |
| Knight | 2 | |
70 total
» upgrades
| Masonry | 3 | |
| Lumber Harvesting | 2 | |
| Magic Sentry | 1 | |
| Long Rifles | 1 | |
| Storm Hammers | 1 | |
| Animal War Training | 1 | |
| Flak Cannons | 1 | |
| Flying Machine Bombs | 1 | |
| Swords | 2 | |
| Gunpowder | 2 | |
| Plating | 1 | |
| Armor | 1 | |
17 total
» buildings
| Altar of Kings | 1 | |
| Farm | 12 | |
| Barracks | 1 | |
| Lumber Mill | 2 | |
| Blacksmith | 2 | |
| Town Hall | 1 | |
| Arcane Vault | 1 | |
| Scout Tower | 17 | |
| Guard Tower | 12 | |
| Keep | 1 | |
| Arcane Sanctum | 1 | |
| Workshop | 2 | |
| Gryphon Aviary | 2 | |
| Castle | 1 | |
| Arcane Tower | 1 | |
57 total
» build order
00:05 Altar of Kings
00:06 Farm
00:39 Barracks
00:50 Farm
01:41 Farm
02:03 Lumber Mill
02:25 Farm
02:31 Blacksmith
03:03 Farm
04:50 Town Hall
05:03 Farm
05:15 Arcane Vault
06:06 Farm
06:13 Scout Tower
06:14 Scout Tower
06:44 Scout Tower
06:54 Scout Tower
06:56 Guard Tower
07:08 Scout Tower
07:11 Scout Tower
07:12 Guard Tower
07:18 Guard Tower
07:23 Scout Tower
07:25 Guard Tower
07:29 Farm
07:35 Scout Tower
07:37 Guard Tower
07:53 Guard Tower
08:02 Scout Tower
08:04 Guard Tower
08:17 Guard Tower
08:40 Farm
09:14 Keep
09:33 Guard Tower
09:51 Farm
11:40 Arcane Sanctum
11:44 Workshop
11:46 Gryphon Aviary
12:19 Scout Tower
12:20 Scout Tower
12:30 Castle
12:43 Scout Tower
13:09 Arcane Tower
13:25 Guard Tower
13:28 Scout Tower
13:29 Scout Tower
14:01 Guard Tower
14:06 Scout Tower
14:08 Scout Tower
17:30 Gryphon Aviary
17:44 Guard Tower
18:11 Lumber Mill
20:25 Workshop
20:34 Blacksmith
27:23 Scout Tower
27:25 Farm
27:27 Farm
» items
| Scroll of Town Portal | 3 | |
| Potion of Healing | 2 | |
| Scroll of Regeneration | 2 | |
7 total
team 2 (winner)
f15x (
teal | 58 APM | 1872 actions | 32:21)
5 Goblin Tinker
3 Pocket Factory
2 Engineering Upgrade
5 Beastmaster
2 Summon Quilbeast
3 Summon Hawk
» actions
| Assign group hotkey | 24 | |
| Build / train | 98 | |
| Enter build submenu | 22 | |
| Enter hero's abilities submenu | 10 | |
| Give item / drop item | 3 | |
| Right click | 845 | |
| Select / deselect | 302 | |
| Select group hotkey | 500 | |
| Use ability | 68 | |
1872 total
» units
| Peasant | 22 | |
| Footman | 2 | |
| Flying Machine | 35 | |
| Mortar Team | 3 | |
62 total
» upgrades
| Lumber Harvesting | 2 | |
| Masonry | 2 | |
| Gunpowder | 2 | |
| Flak Cannons | 1 | |
| Flying Machine Bombs | 2 | |
| Flare | 1 | |
| Plating | 1 | |
11 total
» buildings
| Altar of Kings | 1 | |
| Farm | 9 | |
| Lumber Mill | 1 | |
| Barracks | 1 | |
| Arcane Vault | 1 | |
| Scout Tower | 3 | |
| Guard Tower | 2 | |
| Keep | 1 | |
| Arcane Tower | 1 | |
| Blacksmith | 1 | |
| Castle | 1 | |
| Workshop | 3 | |
| Town Hall | 2 | |
27 total
» build order
00:15 Altar of Kings
00:20 Farm
00:29 Lumber Mill
01:03 Farm
01:22 Barracks
01:51 Farm
02:06 Arcane Vault
02:30 Scout Tower
02:33 Scout Tower
03:02 Farm
03:36 Guard Tower
04:42 Keep
05:07 Arcane Tower
06:14 Scout Tower
06:44 Farm
06:47 Guard Tower
06:50 Blacksmith
07:06 Castle
08:49 Workshop
08:53 Workshop
08:56 Workshop
11:48 Farm
15:00 Farm
24:34 Town Hall
25:28 Farm
27:15 Farm
29:23 Town Hall
» items
| Boots of Speed | 2 | |
| Staff of Teleportation | 1 | |
| Scroll of Regeneration | 2 | |
| Potion of Healing | 3 | |
8 total
militant12 (
orange | 81 APM | 2631 actions | 32:21)
6 Blademaster
3 Wind Walk
2 Critical Strike
1 Bladestorm
» actions
| Assign group hotkey | 10 | |
| Basic commands | 141 | |
| Build / train | 76 | |
| ESC pressed | 1 | |
| Enter build submenu | 14 | |
| Enter hero's abilities submenu | 6 | |
| Right click | 950 | |
| Select / deselect | 234 | |
| Select group hotkey | 1083 | |
| Use ability | 116 | |
2631 total
» units
| Peon | 24 | |
| Grunt | 4 | |
| Troll Witch Doctor | 8 | |
| Shaman | 7 | |
43 total
» upgrades
| Witch Doctor Training | 2 | |
| Shaman Training | 2 | |
| Reinforced Defenses | 1 | |
5 total
» buildings
| Barracks | 1 | |
| Altar of Storms | 1 | |
| Orc Burrow | 4 | |
| Voodoo Lounge | 1 | |
| Great Hall | 2 | |
| Stronghold | 4 | |
| War Mill | 1 | |
| Fortress | 4 | |
| Spirit Lodge | 3 | |
21 total
» build order
00:17 Barracks
00:22 Altar of Storms
00:26 Orc Burrow
01:39 Orc Burrow
02:19 Voodoo Lounge
04:10 Great Hall
04:26 Stronghold
04:26 Stronghold
04:27 Stronghold
04:27 Stronghold
04:36 War Mill
04:51 Orc Burrow
06:48 Fortress
06:48 Fortress
07:05 Spirit Lodge
07:10 Spirit Lodge
07:33 Spirit Lodge
10:20 Orc Burrow
24:43 Great Hall
» items
| Healing Salve | 3 | |
| Scroll of Speed | 1 | |
| Boots of Speed | 1 | |
| Potion of Lesser Invulnerability | 2 | |
| Staff of Teleportation | 1 | |
8 total
Blow-me (
green | 67 APM | 2178 actions | 32:21)
8 Death Knight
3 Death Coil
3 Unholy Aura
1 Animate Dead
1 Death Pact
6 Crypt Lord
2 Impale
3 Spiked Carapace
1 Locust Swarm
3 Lich
2 Frost Armor
1 Frost Nova
» actions
| Assign group hotkey | 34 | |
| Basic commands | 394 | |
| Build / train | 82 | |
| ESC pressed | 7 | |
| Enter build submenu | 23 | |
| Enter hero's abilities submenu | 17 | |
| Give item / drop item | 2 | |
| Right click | 539 | |
| Select / deselect | 340 | |
| Select group hotkey | 648 | |
| Use ability | 92 | |
2178 total
» units
| Acolyte | 8 | |
| Ghoul | 5 | |
| Crypt Fiend | 8 | |
| Obsidian Statue | 3 | |
| Frost Wyrm | 9 | |
33 total
» upgrades
| Creature Attack | 3 | |
| Creature Carapace | 3 | |
| Web | 1 | |
| Burrow | 1 | |
| Freezing Breath | 1 | |
9 total
» buildings
| Altar of Darkness | 1 | |
| Crypt | 1 | |
| Ziggurat | 6 | |
| Graveyard | 1 | |
| Tomb of Relics | 1 | |
| Nerubian Tower | 2 | |
| Halls of the Dead | 1 | |
| Necropolis | 3 | |
| Spirit Tower | 2 | |
| Black Citadel | 1 | |
| Slaughterhouse | 1 | |
| Sacrificial Pit | 1 | |
| Boneyard | 2 | |
23 total
» build order
00:24 Altar of Darkness
00:29 Crypt
00:46 Ziggurat
01:07 Graveyard
01:21 Tomb of Relics
02:00 Ziggurat
02:07 Nerubian Tower
05:20 Halls of the Dead
06:32 Necropolis
06:44 Ziggurat
06:46 Ziggurat
08:04 Nerubian Tower
08:05 Spirit Tower
09:54 Black Citadel
09:58 Slaughterhouse
10:16 Necropolis
10:19 Ziggurat
10:57 Sacrificial Pit
11:00 Ziggurat
11:21 Spirit Tower
13:20 Necropolis
13:25 Boneyard
13:56 Boneyard
» items
| Rod of Necromancy | 2 | |
| Sacrificial Skull | 1 | |
| Scroll of Town Portal | 4 | |
| Orb of Corruption | 2 | |
9 total

»
Ashurbalizanir (
red | 65 APM | 2111 actions | 32:22)
9 Death Knight
3 Death Coil
3 Unholy Aura
1 Animate Dead
2 Death Pact
» actions
| Assign group hotkey | 22 | |
| Basic commands | 86 | |
| Build / train | 102 | |
| ESC pressed | 5 | |
| Enter build submenu | 34 | |
| Enter hero's abilities submenu | 9 | |
| Give item / drop item | 1 | |
| Remove unit from queue | 7 | |
| Right click | 676 | |
| Select / deselect | 480 | |
| Select group hotkey | 582 | |
| Use ability | 107 | |
2111 total
» units
| Acolyte | 13 | |
| Ghoul | 8 | |
| Crypt Fiend | 7 | |
| Obsidian Statue | 4 | |
| Abomination | 3 | |
| Frost Wyrm | 2 | |
37 total
» upgrades
| Creature Attack | 3 | |
| Creature Carapace | 3 | |
| Web | 1 | |
| Destroyer Form | 1 | |
| Ghoul Frenzy | 1 | |
| Disease Cloud | 1 | |
| Unholy Armor | 3 | |
| Unholy Strength | 3 | |
| Cannibalize | 1 | |
| Burrow | 1 | |
| Exhume Corpses | 1 | |
| Stone Form | 1 | |
| Backpack | 1 | |
| Freezing Breath | 1 | |
| Necromancer Training | 2 | |
| Skeletal Longevity | 1 | |
| Banshee Training | 1 | |
26 total
» buildings
| Altar of Darkness | 1 | |
| Ziggurat | 16 | |
| Crypt | 1 | |
| Nerubian Tower | 1 | |
| Graveyard | 2 | |
| Tomb of Relics | 1 | |
| Halls of the Dead | 1 | |
| Slaughterhouse | 1 | |
| Black Citadel | 2 | |
| Spirit Tower | 15 | |
| Sacrificial Pit | 1 | |
| Boneyard | 1 | |
| Necropolis | 1 | |
| Temple of the Damned | 1 | |
45 total
» build order
00:09 Altar of Darkness
00:11 Ziggurat
00:35 Crypt
01:06 Nerubian Tower
01:18 Graveyard
01:37 Tomb of Relics
02:08 Ziggurat
03:41 Halls of the Dead
04:24 Ziggurat
06:06 Slaughterhouse
06:25 Black Citadel
06:25 Black Citadel
06:34 Ziggurat
09:33 Spirit Tower
09:48 Ziggurat
11:58 Spirit Tower
12:01 Spirit Tower
12:44 Spirit Tower
16:41 Ziggurat
20:08 Ziggurat
20:10 Ziggurat
20:11 Ziggurat
21:04 Spirit Tower
21:05 Spirit Tower
22:19 Spirit Tower
24:54 Ziggurat
24:56 Ziggurat
24:59 Ziggurat
25:00 Ziggurat
25:22 Graveyard
25:37 Sacrificial Pit
25:48 Spirit Tower
25:49 Spirit Tower
25:55 Spirit Tower
26:10 Spirit Tower
26:33 Boneyard
26:35 Necropolis
26:59 Temple of the Damned
28:38 Ziggurat
28:40 Ziggurat
28:42 Ziggurat
29:40 Spirit Tower
29:40 Spirit Tower
29:44 Spirit Tower
29:44 Spirit Tower
» items
| Dust of Appearance | 1 | |
| Boots of Speed | 1 | |
| Scroll of Town Portal | 1 | |
3 total
Chat log
(00:25 / Allies) Ashurbalizanir: units?
(00:33 / Allies) Blow-me: dk fiends
(00:43 / Allies) militant12: u guys want lust?
(00:46 / Allies) Ashurbalizanir: fiends and destro rush
(00:57 / Allies) Blow-me: yes lust
(01:02 / Allies) militant12: k
(03:49 / Allies) Ashurbalizanir: i'll get dust
(05:18 / Allies) militant12: take mid?
(05:25 / Allies) Blow-me: brt
(05:39 / Allies) Blow-me: shitty ass build teal
(05:46 / Allies) Ashurbalizanir: omw
(05:53 / Allies) Ashurbalizanir: let me out of your fucking base
(06:19 / Allies) Ashurbalizanir: creep mid
(12:36 / Allies) Blow-me: ]fuyck
(12:58 / Allies) Blow-me: ]sthitty build
(13:08 / Allies) militant12: meet all
(13:15 / Allies) Ashurbalizanir: k
(13:56 / Allies) Ashurbalizanir: nice
(15:28 / Allies) Blow-me: meet
(15:32 / Allies) Blow-me: bak
(16:14 / All) militant12: gg
(17:11 / Allies) Blow-me: meet
(17:29 / Allies) Blow-me: bak oj
(17:49 / Allies) Blow-me: wait
(18:11 / Allies) Blow-me: hit teal
(19:07 / Allies) militant12: chase more noob lol
(21:25 / All) Blow-me: gg
(21:29 / All) Ashurbalizanir: gg
(22:14 / Allies) Ashurbalizanir: they just don't want me to expo
(23:21 / Allies) Blow-me: next
(24:31 / All) Ashurbalizanir: gg
(24:32 / Allies) Ashurbalizanir: gj
(24:36 / All) Blow-me: gg
(25:11 / All) Ashurbalizanir: you can leave now
(25:18 / All) Blow-me: haha
(26:00 / Allies) Blow-me: bak
(26:43 / Allies) Blow-me: care red
(28:54 / Allies) Blow-me: so much gold oj
(29:09 / Allies) Blow-me: burrows?
(29:39 / Allies) Blow-me: lure out with morts
(29:51 / Allies) f15x: k
(30:52 / All) Ashurbalizanir: I guess your army can just sit there and have your base die
(30:53 / All) Ashurbalizanir: gg
(30:55 / All) Ashurbalizanir: leave
(31:17 / Allies) Blow-me: gogogogo